 Dungeon Crawl Stone Soup version 0.29.1-15-g9cfb28693d (webtiles) character file.

Game seed: 11283163729941763319

56 Danienth the Grave Robber (level 3, -1/24 HPs)
             Began as a Demonspawn Necromancer on Apr 10, 2023.
             Slain by Terence
             ... wielding a +2 hand axe of freezing
              (3 damage)
             ... on level 2 of the Dungeon on Apr 11, 2023.
             The game lasted 00:14:46 (2235 turns).

Danienth the Grave Robber (Demonspawn Necromancer)  Turns: 2235, Time: 00:14:46

Health: -1/24      AC:  0    Str:  8    XL:     3   Next: 71%
Magic:  0/6        EV: 14    Int: 18    God:
Gold:   91         SH:  0    Dex: 13    Spells: 3/7 levels left

rFire   . . .      SeeInvis .   (weapon currently unavailable)
rCold   . . .      Faith    .   (shield currently unavailable)
rNeg    . . .      Spirit   +   (body armour currently unavailable)
rPois   .          Reflect  .   (helmet currently unavailable)
rElec   .          Harm     .   (cloak currently unavailable)
rCorr   .          Rampage  .   (gloves currently unavailable)
Will    .....                   (boots currently unavailable)
Stlth   ++........              n - amulet of guardian spirit
HPRegen 0.08/turn               (ring currently unavailable)
MPRegen 0.10/turn               (ring currently unavailable)

@: pig-form, very quick
A: fast, no casting, small, ignite blood 1
a: no special abilities


You were on level 2 of the Dungeon.
You were a filthy swine.
You visited 1 branch of the dungeon, and saw 2 of its levels.

You collected 91 gold pieces.

Inventory:

Hand Weapons
 g - a +1 dagger (melded)
Armour
 a - a +0 robe (melded)
Magical Staves
 m - a staff of conjuration
Jewellery
 j - an amulet of faith
 n - an amulet of guardian spirit (around neck)
Scrolls
 h - a scroll of enchant weapon
 l - a scroll of teleportation {unknown}
 o - a scroll of identify {unknown}
Potions
 c - a potion of flight {unknown}
 e - a potion of lignification {unknown}
 f - a potion of curing
 i - a potion of attraction {unknown}
 k - a potion of brilliance {unknown}


   Skills:
 + Level 2.4 Dodging
 + Level 2.4 Stealth
 + Level 2.5 Spellcasting
 + Level 4.8 Necromancy


You had 3 spell levels left.
You knew the following spells:

 Your Spells              Type           Power      Damage    Failure   Level
a - Necrotise             Necr           76%        1d7       2%          1
b - Vampiric Draining     Necr           19%        2d7       7%          3

Your spell library contained the following spells:

 Spells                   Type           Power      Damage    Failure   Level
 Shock                    Conj/Air       8%         1d3       17%         1
 Swiftness                Air            2%         N/A       45%         3
 Animate Dead             Necr           19%        N/A       24%         4
 Agony                    Necr           19%        N/A       54%         5
 Airstrike                Air            1%         2d(1-17)  86%         4


Dungeon Overview and Level Annotations

Branches:
Dungeon (2/15)

Altars:

Annotations:
D:2 Terence


Innate Abilities, Weirdness & Mutations

You are a filthy swine.
You move quickly.
Your equipment is almost entirely melded.
You are incapable of wielding weapons or throwing items.
You cannot cast spells.
Your demonic aura sometimes causes spilled blood to erupt in flames.


Message History

You barely miss Terence.
Terence is moderately wounded.
Terence hits you with a +2 hand axe of freezing.
Terence freezes you.
You hit Terence but do no damage.
Terence is moderately wounded.
Terence closely misses you.
You closely miss Terence.
Terence is moderately wounded.
Terence hits you with a +2 hand axe of freezing.
Terence freezes you.
You hit Terence but do no damage.
Terence is moderately wounded.
Terence hits you with a +2 hand axe of freezing.
Terence freezes you.
You hit Terence but do no damage.
Terence is moderately wounded.
Terence hits you with a +2 hand axe of freezing.
Terence freezes you.
You hit Terence but do no damage.
Terence is moderately wounded.
Terence misses you.
You hit Terence but do no damage.
Terence is moderately wounded.
Terence hits you with a +2 hand axe of freezing.
* * * LOW HITPOINT WARNING * * *
Terence freezes you.
* * * LOW HITPOINT WARNING * * *
You hit Terence but do no damage.
Terence is moderately wounded.
Terence closely misses you.
You barely miss Terence.
Terence is moderately wounded.
Terence closely misses you.
You closely miss Terence.
Terence is moderately wounded.
Terence hits you with a +2 hand axe of freezing.
* * * LOW HITPOINT WARNING * * *
Terence freezes you.
You die...

####.##................ .....
...............######## ......
####.##.######################.#.
..........รท.........)......#
#.#.
......#.#.......##########.###.#.
........+......................#
......#.#.......##########.######
........#.......#########..#.<...
................h................
####.##.#......@#########........
#..................@..........
####.##################...####
#.......@. ............
#.######## #####...#### ###
#...... #.#.##### #.#.. ..#


You could see Terence.

Vanquished Creatures
  2 adders (D:2)
  2 worms (D:2)
  A dart slug (D:1)
  4 endoplasms (D:1)
  A giant cockroach (D:2)
  2 goblins
  6 hobgoblins
  3 kobolds
  A ball python (D:1)
  2 bats (D:2)
  2 frilled lizards (D:1)
  2 rats
28 creatures vanquished.

Vanquished Creatures (collateral kills)
  A hobgoblin (D:1)
  A rat (D:2)
2 creatures vanquished.

Grand Total: 30 creatures vanquished

Notes
Turn   | Place    | Note
-------+----------+-------------------------------------------
     0 | D:1      | Danienth the Demonspawn Necromancer began the quest for the
                  | Orb.
     0 | D:1      | Reached XP level 1. HP: 13/13 MP: 3/3
   627 | D:1      | Gained mutation: Your demonic aura sometimes causes spilled
                  | blood to erupt in flames. [demonic ancestry]
   627 | D:1      | Reached XP level 2. HP: 19/19 MP: 0/5
  1718 | D:2      | Reached XP level 3. HP: 24/24 MP: 1/6
  1957 | D:2      | Learned a level 3 spell: Vampiric Draining
  2176 | D:2      | Noticed Terence
  2235 | D:2      | Slain by Terence

Illustrated notes

Levels and vault maps discovered:
D:1:      matt_arrival_refuge, layout_basic
D:2:      layout_basic, uniq_terence

Skill      XL: |  1 |
---------------+----+-----
Stealth        | 2 |  2.4
Dodging        | 2 |  2.4
Spellcasting   | |  2.5
Necromancy     | |  4.8

Action                   || total
-------------------------++-------
Melee: Unarmed           ||    17
       Dagger            ||    33
 Cast: Necrotise         ||    57
       Vampiric Draining ||     1
  Use: Potion            ||     2
       Scroll            ||     3
 Stab: Sleeping          ||     1
       Distracted        ||     1
Armor: Robe              ||     2
Dodge: Dodged            ||    35
